 Dungeon Crawl Stone Soup version 0.31.0-4-g52a2dc7128 (console) character file.

Game seed: 4006535149358513902

98 AlterAsc the Insei (level 4, -3/28 HPs)
             Began as an Octopode Shapeshifter on Jan 22, 2024.
             Slain by a gnoll bouda
             ... wielding a +0 whip
              (9 damage)
             ... on level 3 of the Dungeon.
             The game lasted 00:03:33 (1773 turns).

AlterAsc the Insei (Octopode Shapeshifter)          Turns: 1773, Time: 00:03:34

Health: -3/28      AC:  1    Str: 13    XL:     4   Next: 71%
Magic:  4/4        EV: 13    Int: 18    God:
Gold:   119        SH:  0    Dex: 13    Spells: 3/3 levels left

rFire   . .          .
                       - Unarmed
rCold   . . .        (no shield)
rNeg    . . .        (helmet currently unavailable)
rPois   +            (no amulet)
rElec   .            g - ring of poison resistance
rCorr   .            p - +6 ring of intelligence
SInv    .            (no ring)
Will    .....        (no ring)
Stlth   ++           (no ring)
HPRegen 0.24/turn    (no ring)
MPRegen 0.09/turn    (no ring)
                     (no ring)

%: no passive effects
@: beast-form, weakened
A: beast (slay +1), almost no armour, amphibious, 8 rings, camouflage 1,
gelatinous body 1, (nimble swimmer 1), tentacles
a: Begin Untransformation


You were on level 3 of the Dungeon.
You were a hulking beast.
You visited 1 branch of the dungeon, and saw 4 of its levels.

You collected 119 gold pieces.

Inventory:

Jewellery
 g - a ring of poison resistance (left tentacle)
 m - a ring of poison resistance
 n - the ring of Mass {Ice rPois Int+5 Stlth+}
   (You found it on level 2 of the Dungeon)

   [ring of ice]

   Ice:       It enhances your ice magic.
   Int+5:     It affects your intelligence (+5).
   rF-:       It makes you vulnerable to fire.
   rC+:       It protects you from cold.
   rPois:     It protects you from poison Stlth+: It makes you more stealthy.
 p - a +6 ring of intelligence (right tentacle)
Talismans
 b - a beast talisman
 c - a flux talisman
Scrolls
 e - a scroll of fear {unknown}
 f - a scroll of enchant armour {unknown}
 h - 2 scrolls of immolation {unknown}
 i - 4 scrolls of identify {unknown}
 j - 2 scrolls of teleportation {unknown}
 k - a scroll of enchant weapon {unknown}
 l - a scroll of fog {unknown}
 q - a scroll of butterflies {unknown}
Potions
 a - 2 potions of lignification
 d - a potion of enlightenment {unknown}
 o - a potion of curing {unknown}


   Skills:
 - Level 1.0 Fighting
 - Level 2.0 Dodging
 + Level 5.3 Unarmed Combat
 - Level 3.0 Shapeshifting


You had 3 spell levels left.
You didn't know any spells.
Your spell library contained the following spells:

 Spells                   Type           Power      Damage    Failure   Level
 Sublimation of Blood     Necr           0%         N/A       32%         2
 Petrify                  Alch/Erth      0%         N/A       91%         4
 Irradiate                Conj/Alch      0%         3d11      99%         5


Dungeon Overview and Level Annotations

Branches:
Dungeon (4/15)
 Temple: D:4-7

Altars:


Innate Abilities, Weirdness & Mutations

You are a hulking beast.
Your limbs bulge with bestial killing power. (Slay +1)
You cannot wear most types of armour.
You are amphibious.
You can wear up to eight rings at the same time.
Your skin changes colour to match your surroundings (Stealth+).
Your rubbery body absorbs attacks. (AC +1, EV +1)
((You are camouflaged when in or above water. (Stealth+)))
You have tentacles for arms and can constrict up to eight enemies at once.


Message History

You tentacle-slap the gnoll. Your grab misses the gnoll.
The gnoll is heavily wounded.
The gnoll hits you with a +0 club.
You tentacle-slap the gnoll. Your grab misses the gnoll.
The gnoll is severely wounded.
The gnoll hits you with a +0 club!
You tentacle-slap the gnoll. You grab the gnoll.
The gnoll is severely wounded.
You constrict the gnoll. You tentacle-slap the gnoll.
You kill the gnoll!
You start resting.
Your attacks no longer feel as feeble.
You see here a +0 club.
There is a stone staircase leading up, spattered with blood here.
You start resting.
HP restored.
You climb upwards.
The gnoll bouda gazes fiercely through you!
You feel your attacks grow feeble.
There is a stone staircase leading down here.
The gnoll bouda gazes fiercely through you!
You feel as though you will be weak longer.
The gnoll bouda hits you with a +0 whip!
You barely miss the gnoll bouda. Your grab misses the gnoll bouda.
The gnoll bouda closely misses you.
You tentacle-slap the gnoll bouda but do no damage.
You grab the gnoll bouda. You squeeze the gnoll bouda!
The gnoll bouda is moderately wounded.
You constrict the gnoll bouda. You tentacle-slap the gnoll bouda.
The gnoll bouda is severely wounded.
You constrict the gnoll bouda, but do no damage.
The gnoll bouda hits you with a +0 whip!
* * * LOW HITPOINT WARNING * * *
You tentacle-slap the gnoll bouda but do no damage.
You squeeze the gnoll bouda, but do no damage.
The gnoll bouda is severely wounded.
You constrict the gnoll bouda.
The gnoll bouda hits you with a +0 whip!
You die...

#.# #.# ##.########
..........+
.....###### .....#
.....# .....#
.....#
.....##############
...............gh>#
.........##.#####.#
#####....##.......#
#....##.#######
#....##.#
##....+..#
#.....##.#
#.######.# ##.# #.#
#..# #.# ##.## #.#


You could see a gnoll bouda.

Vanquished Creatures
  3 gnolls
  An adder (D:2)
  A ribbon worm (D:2)
  5 orcs (D:3)
  3 ball pythons
  7 endoplasms
  4 giant cockroaches
  6 hobgoblins
  4 quokkas
  3 bats
  3 frilled lizards
  2 goblins
  A kobold (D:2)
  8 rats
51 creatures vanquished.

Notes
Turn   | Place    | Note
-------+----------+-------------------------------------------
     0 | D:1      | AlterAsc the Octopode Shapeshifter began the quest for the
                  | Orb.
     0 | D:1      | Reached XP level 1. HP: 13/13 MP: 1/1
    41 | D:1      | Found a faded altar of an unknown god.
   188 | D:1      | Reached XP level 2. HP: 18/18 MP: 2/2
   618 | D:2      | Reached skill level 4 in Unarmed Combat
   620 | D:2      | Reached XP level 3. HP: 21/23 MP: 3/3
   661 | D:2      | Identified the ring of Mass {Ice rPois Int+5 Stlth+}
  1348 | D:3      | Reached XP level 4. HP: 22/28 MP: 4/4
  1493 | D:3      | Reached skill level 5 in Unarmed Combat
  1773 | D:3      | Slain by a gnoll bouda

Illustrated notes

Levels and vault maps discovered:
D:1:      scummos_arrival_checkerplants, layout_rooms,
          nicolae_ecumenical_lake_church, minmay_tree_intersection
D:2:      layout_basic
D:3:      layout_basic, wad_orctagon
D:4:      layout_loops_ring, chequers_decorated_corner

Skill      XL: |  1  2  3  4 |
---------------+-------------+-----
Unarmed Combat | 4 5 |  5.3
Fighting       | |  1.0
Dodging        | |  2.0
Shapeshifting  | |  3.0

Action                     |  1- 3 |  4- 6 || total
---------------------------+-------+-------++-------
  Melee: Unarmed           |    72 |    33 ||   105
         Constrict         |    14 |    10 ||    24
         Tentacles         |    10 |     6 ||    16
         Punch             |     3 |     1 ||     4
   Stab: Sleeping          |     6 |     2 ||     8
 Armour: Skin              |    21 |    18 ||    39
  Dodge: Dodged            |    37 |    17 ||    54
